 Dungeon Crawl Stone Soup version 0.17.0-23-g0de4337 (webtiles) character file.

211 Fondut the Digger (level 5, -9/28 HPs)
             Began as a Gargoyle Earth Elementalist on Nov 14, 2015.
             Mangled by an ice beast (10 damage)
             ... on level 5 of the Dungeon.
             The game lasted 00:24:18 (3581 turns).

Fondut the Digger (Gargoyle Earth Elementalist)     Turns: 3581, Time: 00:24:18

Health: -9/28      AC:  9    Str: 12    XL:     5   Next: 88%
Magic:  2/11       EV: 12    Int: 16    God:
Gold:   51         SH:  0    Dex: 10    Spells: 4 memorised, 1 level left

rFire  . . .     SeeInvis .     y - +0 quarterstaff
rCold  . . .     Clarity  .     q - +0 robe
rNeg   + . .     SustAt   .     (shield currently unavailable)
rPois  ∞         Gourm    .     (no helmet)
rElec  +         Spirit   .     (no cloak)
rCorr  .         Warding  .     x - +2 pair of gloves
rMut   .         Stasis   .     (no boots)
MR     .....                    k - amulet of rage
Stlth  ++........               (no ring)
                                (no ring)

@: very slightly contaminated, not resistant to hostile enchantments, unstealthy
A: negative energy resistance 1, electricity resistance, unbreathing,
petrification resistance, rot immunity, AC +4
a: Evoke Berserk Rage


You were on level 5 of the Dungeon.
You were hungry.

You visited 1 branch of the dungeon, and saw 4 of its levels.

You collected 51 gold pieces.

Inventory:

Hand Weapons
 g - a +0 dagger
 h - a +0 whip
 l - a +0 dagger
 n - a +0 club
 y - a +0 quarterstaff (weapon)
Missiles
 b - 102 stones (quivered)
 v - 3 javelins of returning
Armour
 a - a +0 robe
 m - a +0 robe
 q - a +0 robe (worn)
 x - a +2 pair of gloves (worn)
Jewellery
 k - an amulet of rage (around neck)
Scrolls
 e - 2 scrolls of remove curse
 i - a scroll of amnesia {unknown}
 o - 3 scrolls of magic mapping {unknown}
 p - a scroll of recharging {unknown}
 r - a scroll of immolation {unknown}
 s - a scroll of noise {unknown}
 t - 4 scrolls of identify {unknown}
 u - a scroll of teleportation {unknown}
 A - a scroll of fear {unknown}
Potions
 f - a potion of resistance {unknown}
 z - a potion of curing {unknown}
Books
 c - a book of Geomancy

   Spells                             Type                      Level
   a - Sandblast                      Earth                        1
   b - Stoneskin                      Transmutation/Earth          2
   c - Passwall                       Transmutation/Earth          3
   d - Stone Arrow                    Conjuration/Earth            3
   e - Petrify                        Transmutation/Earth          4
   f - Lee's Rapid Deconstruction     Earth                        5
Comestibles
 d - 3 bread rations
 j - a meat ration
 w - 2 beef jerkies
 B - 3 chunks of flesh


   Skills:
 - Level 1.5 Dodging
 - Level 2.1 Stealth
 * Level 4.3 Spellcasting
 - Level 0.7 Transmutations
 + Level 5.5 Earth Magic


You had one spell level left.
You knew the following spells:

 Your Spells              Type           Power        Failure   Level  Hunger
a - Sandblast             Erth           ###...       1%          1    None
b - Lee's Rapid Deconstr  Erth           ###.......   50%         5    ######.
c - Stoneskin             Trmt/Erth      ##......     10%         2    ##.....
d - Stone Arrow           Conj/Erth      ##....       17%         3    ###....


Dungeon Overview and Level Annotations

Branches:
Dungeon (5/15)
 Temple: D:4-7

Altars:
Ru
Sif Muna
Trog


Innate Abilities, Weirdness & Mutations

You are resistant to torment.
Your stone body is resilient (AC +4).
You are immune to poison.
You resist negative energy.
You are resistant to electric shocks.
You can survive without breathing.
You are immune to petrification.
You are immune to rotting.


Message History

Confirm with . or Enter, or press ? or * to list all spells.
Aiming: Stone Arrow
Press: ? - help, Shift-Dir - straight line, f/p - ice beast
Aim: an ice beast The stone arrow misses the ice beast.
You are feeling hungry.
The ice beast hits you but does no damage.
You closely miss the ice beast. The ice beast hits you.
The ice beast freezes you!
You barely miss the ice beast. The ice beast hits you.
The ice beast freezes you!
* * * LOW HITPOINT WARNING * * *
You closely miss the ice beast.
The ice beast hits you but does no damage. x2
You sock the ice beast!
The ice beast is moderately wounded.
The ice beast hits you.
* * * LOW HITPOINT WARNING * * *
The ice beast freezes you!
You die...

###......#.............#.....#
..#......#.............#
..#......+.............#
..#......#.............#
..#.....########.......#
..#.....##....##.......#
..#....................#
..#.............Y......#
###.............@......#
.......................#
...)...................#
.......................#
.......................#
########################


You could see an ice beast.

Vanquished Creatures
  A crimson imp (D:5)
  A giant frog zombie (D:5)
  A hound (D:5)
  4 adders
  An ooze (D:5)
  3 worms
  2 orcs
  2 ball pythons (D:2)
  4 goblins
  7 hobgoblins
  7 jackals
  7 kobolds
  5 bats
  2 giant cockroaches
  A giant cockroach zombie (D:5)
  5 giant newts
  3 quokkas
  6 rats
62 creatures vanquished.

Notes
Turn   | Place    | Note
--------------------------------------------------------------
     0 | D:1      | Fondut the Gargoyle Earth Elementalist began the quest for the Orb.
     0 | D:1      | Reached XP level 1. HP: 10/10 MP: 3/3
   187 | D:1      | Reached XP level 2. HP: 13/15 MP: 0/5
   706 | D:1      | Reached skill level 4 in Earth Magic
  1292 | D:2      | Reached XP level 3. HP: 19/19 MP: 2/7
  1681 | D:2      | Found a deep blue altar of Sif Muna.
  1689 | D:2      | Found a sacrificial altar of Ru.
  1697 | D:2      | Found a bloodstained altar of Trog.
  2298 | D:2      | Reached XP level 4. HP: 20/24 MP: 0/8
  2803 | D:3      | Reached skill level 5 in Earth Magic
  2909 | D:3      | You fall through a shaft for 2 floors!
  2909 | D:5      | Entered Level 5 of the Dungeon
  2965 | D:5      | Noticed a centaur
  3043 | D:5      | Reached XP level 5. HP: 28/28 MP: 0/10
  3445 | D:5      | Learned a level 5 spell: Lee's Rapid Deconstruction
  3449 | D:5      | Learned a level 2 spell: Stoneskin
  3453 | D:5      | Learned a level 3 spell: Stone Arrow
  3550 | D:5      | Noticed an ice beast
  3581 | D:5      | HP: 1/28 [ice beast (3)]
  3581 | D:5      | Mangled by an ice beast

Action                   |  1- 3 |  4- 6 || total
-------------------------+-------+-------++-------
Melee: Dagger            |    36 |    11 ||    47
       Club              |    19 |       ||    19
       Quarterstaff      |       |    25 ||    25
 Cast: Sandblast         |    82 |    52 ||   134
       Stone Arrow       |       |     4 ||     4
       Stoneskin         |       |     1 ||     1
  Use: Scroll            |     1 |       ||     1
  Eat: Chunk             |     5 |     2 ||     7
       Royal jelly       |       |     1 ||     1
